Map: Magannatha LE

Players

ManlyManMeat - Winner!

  • Race: Zerg Zerg
  • League: Diamond
  • Spawn Location: 5:00

Sduiliams

  • Race: Protoss Protoss
  • League: Master
  • Spawn Location: 11:00

VOD

Have the link to the VOD?

Description

Time

  • Played on: July 8, 2025, 7:03 p.m.
  • Length: 9:47
Show
View Real Time Build Order
Export as new Build Order

ManlyManMeat Zerg - Winner!

Build Orders: Hatch First 

Get SALT Encoding   

  12  0:00  Drone  
  13  0:09  Drone  
  14  0:16  Drone, Extractor  
  15  0:21  Overlord  
  15  0:42  Drone  
  16  0:46  Hatchery  
  15  1:03  Drone x3  
  18  1:16  Extractor  
  17  1:18  Spawning Pool  
  17  1:20  Drone  
  17  1:47  Drone x3  
  18  2:08  Queen  
  20  2:09  Zergling x4  
  22  2:17  Zergling x2  
  22  2:18  Zergling x2  
  24  2:32  Zergling x2  
  24  2:35  Roach Warren  
  23  2:49  Drone x2  
  23  2:50  Drone x2  
  23  3:32  Roach x2  
  23  3:33  Overlord  
  27  3:51  Queen  
  27  3:53  Ravager  
  27  3:55  Roach  
  32  4:01  Ravager  
  32  4:04  Extractor  
  31  4:11  Drone x3  
  34  4:22  Drone x2, Overlord x2  
  36  4:32  Overlord  
  36  4:33  Overlord  
  36  4:34  Overlord  
  36  4:43  Drone x3  
  36  4:45  Spore Crawler  
  38  4:46  Drone x2, Spore Crawler  
  39  4:55  Drone x2  
  39  4:56  Drone  
  41  5:10  Roach x4  
  49  5:19  Drone x2  
  49  5:20  Drone  
  52  5:21  Extractor  
  51  5:34  Roach x3  
  51  5:35  Roach  
  59  5:48  Hatchery  
  59  5:49  Roach x2  
  62  5:56  Evolution Chamber  
  62  5:57  Drone x3  
  62  5:58  Drone  
  65  6:06  Roach  
  65  6:07  Roach  
  65  6:08  Zergling x2  
  70  6:12  Roach  
  70  6:20  Ravager  
  71  6:32  Lair  
  70  6:34  Drone x4  
  72  6:49  Zerg Missile Weapons Level 1  
  69  7:05  Queen  
  69  7:07  Queen  
  73  7:09  Drone  
  73  7:10  Drone x3  
  75  7:30  Queen  
  75  7:34  Hydralisk Den  
  76  7:41  Queen  
  78  7:54  Drone x4, Spore Crawler, Overlord  
  78  7:55  Overlord x2  
  81  8:01  Overlord x2  
  81  8:19  Hydralisk  
  81  8:20  Hydralisk x11  
  81  8:23  Overlord  
  105  8:32  Hydralisk x3  
  109  8:57  Hydralisk x3  
  109  9:01  Overlord  
  109  9:02  Overlord  
  115  9:18  Overlord x2  
  115  9:20  Drone x3  
  118  9:26  Hatchery  
Show
View Real Time Build Order
Export as new Build Order

Sduiliams Protoss 

Build Orders:  

Get SALT Encoding   

  12  0:00  Probe  
  13  0:12  Probe  
  14  0:19  Pylon  
  14  0:24  Probe  
  15  0:35  Probe  
  15  0:39  Forge  
  16  0:43  Probe  
  17  0:53  Pylon  
  17  1:01  Probe  
  18  1:13  Probe  
  19  1:25  Probe  
  20  1:28  Gateway  
  20  1:29  Photon Cannon  
  20  1:32  Pylon  
  20  1:40  Pylon  
  20  1:42  Probe  
  21  1:50  Probe  
  21  2:00  Probe  
  22  2:06  Photon Cannon  
  23  2:10  Photon Cannon  
  23  2:14  Probe  
  23  2:19  Pylon  
  23  2:24  Zealot  
  23  2:26  Probe  
  26  2:32  Photon Cannon  
  26  2:35  Probe  
  26  2:39  Pylon  
  27  2:58  Photon Cannon  
  27  3:00  Photon Cannon  
  27  3:07  Zealot  
  29  3:17  Pylon  
  27  3:31  Cybernetics Core  
  27  3:34  Assimilator  
  27  3:36  Probe  
  30  3:49  Assimilator  
  26  4:09  Pylon  
  26  4:27  Nexus  
  26  4:29  Probe  
  26  4:31  Photon Cannon  
  26  4:33  Photon Cannon  
  27  4:47  Shield Battery  
  27  4:55  Stargate  
  27  4:56  Probe  
  28  5:08  Pylon, Probe  
  29  5:20  Probe  
  30  5:26  Stargate  
  30  5:32  Probe  
  31  5:40  Void Ray  
  31  5:44  Probe x2  
  37  5:52  Probe  
  37  5:57  Probe  
  39  6:09  Probe  
  40  6:12  Assimilator  
  44  6:23  Void Ray  
  44  6:50  Probe  
  44  6:54  Nexus  
  48  6:55  Probe  
  48  6:56  Pylon  
  48  6:58  Void Ray  
  48  6:59  Probe  
  53  7:22  Void Ray  
  53  7:23  Probe x2  
  53  7:29  Pylon  
  55  7:35  Probe x2  
  57  7:47  Probe  
  58  7:56  Probe  
  58  7:59  Assimilator  
  58  8:00  Pylon, Probe  
  58  8:04  Probe  
  60  8:06  Photon Cannon  
  60  8:08  Photon Cannon  
  60  8:11  Photon Cannon  
  60  8:12  Probe  
  62  8:13  Photon Cannon  
  62  8:14  Probe  
  62  8:17  Shield Battery  
  63  8:21  Shield Battery  
  63  8:24  Probe  
  63  8:26  Probe  
  65  8:36  Probe  
  65  8:38  Probe  
  59  8:48  Probe  
  59  8:51  Probe  
  61  8:58  Pylon  
  61  8:59  Phoenix x2  
  61  9:01  Pylon  
  65  9:03  Robotics Facility, Photon Cannon  
  65  9:08  Assimilator  
  65  9:11  Assimilator  
  65  9:24  Shield Battery x2  
  65  9:26  Pylon  
  65  9:28  Photon Cannon x2  
  65  9:30  Pylon  
  65  9:31  Pylon  
  69  9:33  Shield Battery  
Tags
 
Add a new tag
Caveats
  • Supply blocks, unpowered buildings, or Contaminate may cause inaccurate times.
  • Supply counts are checked every 10 seconds.